 Dungeon Crawl Stone Soup version 0.27.1-1-g398f81649c (webtiles) character file.

Game seed: 18032802566499510700

267 ABBCCCDDDD the Skirmisher (level 6, -6/44 HPs)
             Began as an Octopode Warper on Sept 9, 2021.
             Killed by divine providence
             ... invoked by an orc priest
              (9 damage)
             ... on level 4 of the Dungeon.
             The game lasted 00:05:22 (4971 turns).

ABBCCCDDDD the Skirmisher (Octopode Warper)         Turns: 4971, Time: 00:05:22

Health: -6/44      AC:  1    Str: 10    XL:     6   Next: 21%
Magic:  9/9        EV: 13    Int: 17    God:
Gold:   136        SH:  5    Dex: 12    Spells: 9/9 levels left

rFire    . . .     SeeInvis .     - Unarmed
rCold    . . .     Faith    .   (no shield)
rNeg     . . .     Spirit   .   (helmet restricted)
rPois    .         Reflect  +   n - amulet of reflection
rElec    .         Harm     .   m - ring of willpower
rCorr    .         Rampage  .   (no ring)
Will     +....                  (no ring)
Stlth    ++........             (no ring)
HPRegen  0.14/turn              (no ring)
MPRegen  0.11/turn              (no ring)
                                (no ring)
                                (no ring)

@: no status effects
A: almost no armour, amphibious, 8 rings, camouflage 1, gelatinous body 1,
(nimble swimmer 1), tentacles
a: no special abilities


You were on level 4 of the Dungeon.
You visited 1 branch of the dungeon, and saw 4 of its levels.

You collected 136 gold pieces.

Inventory:

Missiles
 b - 5 boomerangs of dispersal
 i - 27 poisoned darts (quivered)
Jewellery
 m - a ring of willpower (left tentacle)
 n - an amulet of reflection (around mantle)
Scrolls
 a - a scroll of blinking
 e - a scroll of identify {unknown}
 f - a scroll of magic mapping {unknown}
 k - a scroll of immolation {unknown}
 o - a scroll of vulnerability {unknown}
 q - 2 scrolls of enchant weapon {unknown}
Potions
 c - 2 potions of attraction {unknown}
 d - a potion of invisibility {unknown}
 g - 2 potions of flight {unknown}
 h - a potion of ambrosia {unknown}
 j - a potion of curing {unknown}
 l - 2 potions of berserk rage {unknown}
 p - a potion of degeneration {unknown}


   Skills:
 + Level 4.6 Fighting
 - Level 1.0 Throwing
 - Level 2.3 Dodging
 + Level 4.6 Unarmed Combat
 - Level 2.0 Spellcasting
 - Level 3.0 Translocations


You had 9 spell levels left.
You didn't know any spells.
Your spell library contained the following spells:

 Spells                   Type           Power      Damage    Failure   Level
 Blink                    Tloc           N/A        N/A       9%          2
 Gell's Gravitas          Tloc           5%         N/A       17%         3
 Lesser Beckoning         Tloc           5%         N/A       17%         3
 Teleport Other           Tloc           11%        N/A       17%         3
 Manifold Assault         Tloc           11%        N/A       83%         5
 Freezing Cloud           Conj/Ice/Air   0%         6-21      99%         5
 Simulacrum               Ice/Necr       0%         N/A       100%        6
 Polar Vortex             Ice            0%         N/A       100%        9


Dungeon Overview and Level Annotations

Branches:
Dungeon (4/15)
 Temple: D:4-7

Altars:
Ashenzari
Sif Muna
Vehumet
Wu Jian
Zin

Annotations:
D:3 1 runed translucent door, exclusion: downstairs, Crazy Yiuf
D:4 exclusions: black bear and jelly


Innate Abilities, Weirdness & Mutations

You cannot wear most types of armour.
You are amphibious.
You can wear up to eight rings at the same time.
Your skin changes colour to match your surroundings (Stealth+).
Your rubbery body absorbs attacks. (AC +1, EV +1)
((You are camouflaged near water. (Stealth+)))
You have tentacles for arms and can constrict up to eight enemies at once.


Message History

a +0 falchion; a +0 leather armour; a goblin corpse
There is a stone staircase leading up here.
You see here a +0 pair of gloves.
You see here the felid corpse of Natasha.
You see here the felid corpse of Natasha.
There is a stone staircase leading up here.
You climb upwards.
Level annotation: 1 runed translucent door, exclusion: downstairs, Crazy Yiuf
There is a stone staircase leading down here.
HP restored.
There is a stone staircase leading down here.
There is a stone staircase leading down here.
You climb downwards.
Level annotation: exclusions: black bear and jelly
There is a stone staircase leading up here.
There is a stone staircase leading down here.
There is an open door here.
There is a stone staircase leading down here.
As you open the door, it creaks loudly! 3 orc priests and an orc wizard come into view.
The orc priest shouts! x2; The orc wizard shouts!
You hear a shout! x2
An orc comes into view.
It is wielding a +1 vampiric short sword.
You hear a shout!
You tentacle-slap the orc priest but do no damage.
Your grab misses the orc priest.
The orc priest calls down the wrath of Beogh upon you.
Beogh smites you!
The orc wizard gestures wildly while chanting.
The orc wizard flickers and vanishes!
Deactivating autopickup; reactivate with Ctrl-A.
The orc priest mumbles some strange prayers to Beogh against you.
Beogh smites you!
The orc priest mumbles some strange prayers to Beogh against you.
Beogh smites you!
* * * LOW HITPOINT WARNING * * *
There is a stone staircase leading down here.
The orc priest closely misses you.
The orc priest mumbles some strange prayers to Beogh against you.
Beogh smites you!
You die...

#).# #.. .#. #.. ... #.#
..o #^# #o# ####.######
#.# ##.........# #.#
...#....##.# ##o##
#..#....##.# ##@o.##
#..#....##.# ##.....##
#..###...#.###.......##
...###...#.##.........#
............'...........
..####...####.........###
..# ##..# ##.......## ..#
##.# ##.....## .##
#.#######...##


You could see 3 orc priests and an orc.

Levels and vault maps discovered:
D:1:      minmay_arrival_checkered_box, layout_basic,
          dreamdust_ecumenical_altar_angels_and_demons
D:2:      layout_loops_ring, uniq_robin
D:3:      layout_loops_cross, minmay_overflow_temple_star_hex,
          uniq_crazy_yiuf_cottage
D:4:      layout_loops_corners, minmay_manual_moon, uniq_natasha

Notes
Turn   | Place    | Note
-------+----------+-------------------------------------------
     0 | D:1      | ABBCCCDDDD the Octopode Warper began the quest for the Orb.
     0 | D:1      | Reached XP level 1. HP: 14/14 MP: 3/3
   308 | D:1      | Reached XP level 2. HP: 20/20 MP: 5/5
  1047 | D:1      | Found a faded altar of an unknown god.
  1110 | D:2      | Noticed Robin
  1603 | D:2      | Reached XP level 3. HP: 25/25 MP: 6/6
  1982 | D:2      | Killed Robin
  2256 | D:2      | Noticed a black bear
  2906 | D:3      | Reached XP level 4. HP: 31/31 MP: 7/7
  2940 | D:3      | Found a glowing silver altar of Zin.
  2948 | D:3      | Found a radiant altar of Vehumet.
  2958 | D:3      | Found an ornate altar of the Wu Jian Council.
  2975 | D:3      | Found a broken altar of Ashenzari.
  2979 | D:3      | Found a shimmering blue altar of Sif Muna.
  3341 | D:3      | Reached XP level 5. HP: 37/37 MP: 8/8
  3591 | D:3      | Found a runed translucent door.
  3592 | D:3      | Noticed Crazy Yiuf
  3722 | D:4      | Noticed a black bear
  4651 | D:4      | Noticed Natasha
  4660 | D:4      | Killed Natasha
  4716 | D:4      | Reached XP level 6. HP: 44/44 MP: 9/9
  4970 | D:4      | HP: 2/44 [orc priest/divine providence (15)]
  4971 | D:4      | Killed from afar by an orc priest

Table legend: (Time is in decaauts)
 A = Elapsed time spent in this place.
 B = Non-inter-level travel time spent in this place.
 C = Inter-level travel time spent in this place.
 D = Time resting spent in this place.
 E = Time spent auto-exploring this place.
 F = Levels seen in this place.
 G = Mean time per level.
                   A        B        C        D        E       F      G
               +--------+--------+--------+--------+--------+-----+--------+
         Total |   4965 |   4732 |    233 |    865 |   3040 |   4 | 1241.2 |
       Dungeon |   4965 |   4732 |    233 |    865 |   3040 |   4 | 1241.2 |
               +--------+--------+--------+--------+--------+-----+--------+

Top non-repeatable levels by time:
     D:1: 1714 daAuts
     D:4: 1176 daAuts
     D:3: 1068 daAuts
     D:2: 1005 daAuts

Table legend:
 A = Kills in this place as a percentage of kills in entire the game.
 B = Kills by you in this place as a percentage of kills by you in the entire game.
 C = Kills by friends in this place as a percentage of kills by friends in the entire game.
 D = Other kills in this place as a percentage of other kills in the entire game.
 E = Experience gained in this place as a percentage of experience gained in the entire game.
 F = Experience gained in this place divided by the number of levels of this place that you have seen.
                   A       B       C       D       E      F
               +-------+-------+-------+-------+-------+----------------------
         Total | 100.0 | 100.0 |   N/A |   N/A | 100.0 |  95.5
       Dungeon | 100.0 | 100.0 |   N/A |   N/A | 100.0 |  95.5
               +-------+-------+-------+-------+-------+----------------------

Action                   |  1- 3 |  4- 6 || total
-------------------------+-------+-------++-------
Melee: Unarmed           |    70 |    89 ||   159
       Constrict         |    18 |    18 ||    36
       Tentacles         |    14 |    21 ||    35
       Punch             |       |     1 ||     1
Throw: Dart              |    14 |     9 ||    23
 Stab: Sleeping          |     5 |     6 ||    11
Armor: Skin              |    11 |     6 ||    17
Dodge: Dodged            |    46 |    41 ||    87
Block: Other             |       |    11 ||    11

Vanquished Creatures
  A jelly (D:4)
  A hound (D:4)
  Natasha (D:4)
  Robin (D:2)
  7 adders
  3 gnolls (D:3)
  A dart slug (D:4)
  4 orcs (D:4)
  A ball python (D:2)
  4 bats
  8 endoplasms
  16 goblins
  5 hobgoblins
  A quokka (D:2)
  7 kobolds
  A rat (D:1)
62 creatures vanquished.
